 Dungeon Crawl Stone Soup version 0.24.0-7-gb3623d2c88 (webtiles) character file.

Game seed: 346328972908577669, levelgen mode: deterministic

2984 Descartes the Sneak (level 9, -11/39 HPs)
             Began as a Spriggan Wizard on Nov 2, 2019.
             Was an Initiate of Gozag.
             Shot with an arrow by a centaur (15 damage)
             ... on level 8 of the Dungeon.
             The game lasted 01:05:05 (17707 turns).

Descartes the Sneak (Spriggan Wizard)              Turns: 17707, Time: 01:05:06

Health: -11/39     AC:  2    Str:  5    XL:     9   Next: 53%
Magic:  16/20      EV: 22    Int: 22    God:    Gozag
Gold:   860        SH:  0    Dex: 15    Spells: 11/22 levels left

rFire    . . .     SeeInvis +   z - +0 falchion
rCold    . . .     Gourm    .   (shield restricted)
rNeg     . . .     Faith    .   a - +0 robe
rPois    .         Spirit   .   b - +0 hat
rElec    .         Reflect  .   (no cloak)
rCorr    .         Harm     .   (gloves unavailable)
MR       +....                  (boots unavailable)
Stlth    ++++......             (no amulet)
HPRegen  0.13/turn              (no ring)
MPRegen  0.17/turn              (no ring)

@: very quick
A: very small, unfitting armour, see invisible, herbivore, speed 3, mutation
resistance 1, slow metabolism 2, strong 1
a: Potion Petition, Call Merchant, Bribe Branch, Renounce Religion


You were on level 8 of the Dungeon.
You worshipped Gozag.
Gozag was pleased with you.
You were not hungry.

You visited 2 branches of the dungeon, and saw 9 of its levels.

You collected 910 gold pieces.
You paid 50 gold pieces to Gozag.

Inventory:

Hand Weapons
 p - a +1 hunting sling
 z - a +0 falchion (weapon)
Missiles
 e - 378 stones (quivered)
 h - 30 bolts
 j - 73 poisoned darts
 o - 8 boomerangs
 t - 41 sling bullets
 y - 55 arrows
 E - 4 silver javelins
Armour
 a - a +0 robe (worn)
 b - a +0 hat (worn)
Jewellery
 H - a +4 ring of evasion {unknown}
 J - a +2 amulet of reflection {unknown}
Wands
 D - a wand of flame (6)
Scrolls
 f - 8 scrolls of remove curse
 g - 3 scrolls of teleportation {unknown}
 k - 2 scrolls of enchant weapon
 m - a scroll of magic mapping {unknown}
 q - 9 scrolls of identify
 r - a scroll of enchant armour {unknown}
 v - 3 scrolls of random uselessness {unknown}
 w - 3 scrolls of fog {unknown}
 A - 2 scrolls of blinking {unknown}
 B - a scroll of immolation {unknown}
 G - a scroll of amnesia {unknown}
 I - 3 scrolls of noise {unknown}
Potions
 c - 7 potions of curing
 i - 2 potions of might {unknown}
 l - 2 potions of agility {unknown}
 n - a potion of heal wounds {unknown}
 s - a potion of ambrosia
 u - a potion of cancellation
 x - 2 potions of flight {unknown}
 C - a potion of degeneration {unknown}
 F - 2 potions of mutation
Comestibles
 d - 13 rations


   Skills:
 + Level 7.5 Dodging
 + Level 7.9 Stealth
 + Level 7.0 Spellcasting
 * Level 4.9 Conjurations
 - Level 4.0 Hexes
   Level 0.7 Summonings
 - Level 4.0 Translocations
 - Level 2.0 Fire Magic
 + Level 3.7 Air Magic
 - Level 4.0 Poison Magic


You had 11 spell levels left.
You knew the following spells:

 Your Spells              Type           Power        Failure   Level  Hunger
a - Magic Dart            Conj           ####         1%          1    None
b - Blink                 Tloc           N/A          2%          2    None
c - Conjure Flame         Conj/Fire      ###.....     6%          3    None
d - Mephitic Cloud        Conj/Pois/Air  ####....     4%          3    None
e - Slow                  Hex            ####....     2%          2    None

Your spell library contained the following spells:

 Spells                   Type           Power        Failure   Level  Hunger
 Call Imp                 Summ           ##......     10%         2    None


Dungeon Overview and Level Annotations

Branches:
Dungeon (8/15)             Temple (1/1) D:4
   Lair: D:8-11

Altars:
Ashenzari
Cheibriados
Dithmenos
Elyvilon
Fedhas
Gozag
Hepliaklqana
Kikubaaqudgha
Makhleb
Nemelex Xobeh
Okawaru
Qazlal
Sif Muna
Trog
Uskayaw
Wu Jian
Xom
Yredelemnul
Zin
The Shining One

Shops:
D:4 }   D:6 :

Annotations:
D:5 Grinder
D:6 1 runed translucent door


Innate Abilities, Weirdness & Mutations

You are very small and have problems with some larger weapons.
You are too small for most types of armour.
You have supernaturally acute eyesight. (SInv)
You are a herbivore.
You cover ground extremely quickly.
You need to consume almost no food.
You are somewhat resistant to further mutation.
Your muscles are strong. (Str +2)


Message History

Casting: Magic Dart (safe; 1% risk of failure)
Confirm with . or Enter, or press ? or * to list all spells.
Aiming: Magic Dart (safe; 1% risk of failure)
Press: ? - help, Shift-Dir - straight line, f/p - centaur
Aim: a centaur, wielding a +0 shortbow (moderately wounded)
The magic dart hits the centaur.
The centaur is heavily wounded.
Casting: Magic Dart (safe; 1% risk of failure)
Confirm with . or Enter, or press ? or * to list all spells.
Aiming: Magic Dart (safe; 1% risk of failure)
Press: ? - help, Shift-Dir - straight line, f/p - centaur
Aim: a centaur, wielding a +0 shortbow (heavily wounded)
The magic dart hits the centaur but does no damage.
The centaur is heavily wounded.
The centaur shoots an arrow.
The arrow hits you!
The centaur shoots an arrow.
The arrow hits you!
* * * LOW HITPOINT WARNING * * *
The centaur shoots an arrow.
The arrow hits you!
You die...
Your body crumbles into a pile of gold.

#...........###
#####.......###
............### .
#####..>....##.. .(
####.#.##.##.###. ##
##......##.##c#.. ..
#...#.####.##.#.#..#
#...#.# #.##.#.#..####
#...#.. ..##(.@.c.....
.#
#...#########.....#####
.. #.........# #.#.#...#
##.#
##...#####.###o#.#...(.(
##...
.............o(.........
#....
............o#.#........
## #.#.
.............#..........
#.##)..
.......###..............
#.#.#.
.#...................#
#...#


You could see a centaur, an orc priest, an orc wizard and an orc.

Vanquished Creatures
  A hippogriff (D:6)
  6 yaks
  A hungry ghost (D:6)
  3 phantoms
  2 ogres
  An orc warrior (D:6)
  A centaur (D:7)
  2 scorpions (D:4)
  A howler monkey (D:5)
  3 wights (D:6)
  2 crimson imps
  A bullfrog zombie (D:7)
  A centaur skeleton (D:6)
  4 hounds
  A jelly (D:8)
  An orc priest (D:7)
  5 orc wizards
  A bullfrog skeleton (D:7)
  3 iguanas
  6 worker ants
  10 adders
  2 shadow imps
  An adder zombie (D:5)
  3 adder skeletons
  4 dart slugs
  3 worms (D:3)
  5 leopard geckos
  15 orcs
  7 giant cockroaches
  3 goblins
  7 hobgoblins
  13 jackals
  10 kobolds
  3 quokkas
  2 ball pythons
  A ball python skeleton (D:4)
  11 bats
  6 frilled lizards
  A jackal skeleton (D:4)
  4 rats
157 creatures vanquished.

Notes
Turn   | Place    | Note
-------+----------+-------------------------------------------
     0 | D:1      | Descartes the Spriggan Wizard began the quest for the Orb.
     0 | D:1      | Reached XP level 1. HP: 9/9 MP: 6/6
   315 | D:1      | Reached XP level 2. HP: 13/13 MP: 0/8
   471 | D:1      | Reached skill level 1 in Conjurations
  1328 | D:1      | Reached XP level 3. HP: 16/16 MP: 4/9
  1746 | D:1      | Found a bloodstained altar of Trog.
  2779 | D:2      | Found an ornate altar of the Wu Jian Council.
  2781 | D:2      | Found a bloodstained altar of Trog.
  2781 | D:2      | Found a snail-covered altar of Cheibriados.
  3356 | D:2      | Found a stormy altar of Qazlal.
  3507 | D:2      | Learned a level 2 spell: Blink
  3511 | D:2      | Learned a level 3 spell: Conjure Flame
  3515 | D:2      | Learned a level 3 spell: Mephitic Cloud
  3518 | D:2      | Learned a level 2 spell: Slow
  3849 | D:2      | Found a shadowy altar of Dithmenos.
  3936 | D:3      | Noticed an ogre
  4024 | D:2      | Killed an ogre
  4024 | D:2      | Reached XP level 4. HP: 21/21 MP: 0/11
  4024 | D:2      | Reached XP level 5. HP: 24/24 MP: 0/13
  4155 | D:3      | Reached skill level 1 in Hexes
  4563 | D:2      | Gained mutation: You are robust. (+10% HP) [potion of
                  | mutation]
  4563 | D:2      | Gained mutation: You occasionally shout uncontrollably at
                  | your foes. [potion of mutation]
  4563 | D:2      | Gained mutation: You tend to lose your temper in combat.
                  | [potion of mutation]
  4563 | D:2      | Gained mutation: You expend magic power (3 MP) to
                  | strengthen your wands. [potion of mutation]
  4564 | D:2      | Lost mutation: You expend magic power (3 MP) to strengthen
                  | your wands. [potion of mutation]
  4564 | D:2      | Lost mutation: You are robust. (+10% HP) [potion of
                  | mutation]
  4564 | D:2      | Lost mutation: You tend to lose your temper in combat.
                  | [potion of mutation]
  4564 | D:2      | Gained mutation: You passively map a small area around you.
                  | [potion of mutation]
  4564 | D:2      | Gained mutation: You are somewhat resistant to further
                  | mutation. [potion of mutation]
  4565 | D:2      | Lost mutation: You passively map a small area around you.
                  | [potion of mutation]
  4565 | D:2      | Lost mutation: You occasionally shout uncontrollably at
                  | your foes. [potion of mutation]
  4565 | D:2      | Gained mutation: Your muscles are strong. (Str +2) [potion
                  | of mutation]
  5417 | D:3      | Found a burning altar of Makhleb.
  5430 | D:3      | Reached skill level 1 in Poison Magic
  6079 | D:3      | Reached XP level 6. HP: 28/28 MP: 9/14
  6507 | D:4      | Found Porphale's Gadget Boutique.
  6903 | D:4      | Reached skill level 1 in Air Magic
  7409 | D:4      | Found an opulent altar of Gozag.
  7411 | D:4      | Found a shattered altar of Ashenzari.
  7411 | D:4      | Found a hazy altar of Hepliaklqana.
  7413 | D:4      | Found a bloodstained altar of Trog.
  7413 | D:4      | Found a shimmering altar of Xom.
  7413 | D:4      | Found a sparkling altar of Nemelex Xobeh.
  7821 | D:3      | Reached skill level 5 in Stealth
  7821 | D:3      | Reached skill level 5 in Spellcasting
  8127 | D:4      | Reached skill level 5 in Dodging
  8127 | D:4      | Reached skill level 1 in Fire Magic
  8289 | D:4      | Found a blossoming altar of Fedhas.
  8490 | D:4      | Found a sparkling altar of Nemelex Xobeh.
  8620 | D:4      | Reached XP level 7. HP: 32/32 MP: 9/15
  8785 | D:4      | Found a staircase to the Ecumenical Temple.
  8794 | Temple   | Entered the Ecumenical Temple
  9021 | Temple   | Became a worshipper of Gozag Ym Sagoz the Greedy
  9151 | D:5      | Entered Level 5 of the Dungeon
 11374 | D:6      | Noticed Grinder
 11374 | D:6      | Paralysed by Grinder for 4 turns
 11592 | D:5      | Paralysed by Grinder for 6 turns
 11622 | D:5      | Paralysed by Grinder for 4 turns
 11920 | D:6      | Found a white marble altar of Elyvilon.
 11996 | D:6      | Found Noguweeh's Book Emporium.
 12432 | D:6      | Reached XP level 8. HP: 36/36 MP: 2/17
 12706 | D:6      | Found a white marble altar of Elyvilon.
 12707 | D:6      | Found a runed translucent door.
 12707 | D:6      | Noticed an angel
 14286 | D:7      | Noticed a hippogriff
 14318 | D:6      | Killed a hippogriff
 15554 | D:6      | Reached XP level 9. HP: 15/39 MP: 4/19
 17707 | D:8      | Shot with an arrow by a centaur

Levels and vault maps discovered:
D:1:      dpeg_arrival_water_altar, layout_loops_ring
D:2:      layout_loops_ring, lemuel_round_altar,
          chequers_temple_overflow_statue_of_worship, grunt_qazlal_clouds,
          minmay_ruptured
D:3:      layout_basic, makhleb_heckhound_becter
D:4:      kennysheep_spiral_hall, layout_loops_ring, overflow_temple_1_default,
          nemelex_xobeh_ov_fountains_minmay, minmay_temple_entry_poolview,
          serial_shops, nicolae_shop_statue_plus, doesnt_xom_only_xom
D:5:      layout_cave_pods, first_ration, bh_chokoban, kennysheep_doodads
D:6:      layout_basic, elyvilon_altar_3, serial_shops, shop,
          lemuel_angel_altar, uniq_grinder
D:7:      layout_basic
D:8:      layout_loops_cross, kennysheep_another_room
Temple:   minmay_temple_curvy_loop

Skill      XL: |  1  2  3  4  5  6  7  8  9 |
---------------+----------------------------+-----
Conjurations   | 1 2 3 4 |  4.9
Stealth        | 4 5 7 |  7.9
Dodging        | 4 5 6 7 |  7.5
Translocations | 2 3 4 |  4.0
Hexes          | 1 2 4 |  4.0
Poison Magic   | 1 2 3 4 |  4.0
Air Magic      | 1 2 3 |  3.7
Spellcasting   | 5 6 7 |  7.0
Fire Magic     | 1 2 |  2.0
Summonings     | |  0.7

Action                   |  1- 3 |  4- 6 |  7- 9 || total
-------------------------+-------+-------+-------++-------
Melee: Unarmed           |    19 |       |       ||    19
       Spear             |    19 |       |       ||    19
       Dagger            |     1 |       |       ||     1
       Falchion          |       |     9 |    13 ||    22
 Fire: Hunting sling     |     4 |       |       ||     4
Throw: Stone             |       |    28 |       ||    28
 Cast: Magic Dart        |   161 |   285 |   502 ||   948
       Conjure Flame     |       |       |    30 ||    30
       Blink             |       |       |     5 ||     5
       Slow              |       |       |     1 ||     1
Evoke: Wand              |       |       |     1 ||     1
  Use: Scroll            |       |     5 |       ||     5
       Potion            |       |     3 |       ||     3
  Eat: Ration            |       |     2 |     5 ||     7
Armor: Robe              |     5 |     6 |     9 ||    20
Dodge: Dodged            |    91 |    74 |   121 ||   286
       Rpst.: Falchion   |       |    24 |    33 ||    57
